AoeStats
← Zian_moon

Yucatan

503285014Analyzed
3v3 RM · 2mo ago on Aug 31, 2026· 26m 26s· 6 players
Game mode
Random Map
Map size
Normal (6 player)
Population
200
Speed
Normal
Resources
Standard
Victory
Conquest
Starting age
Dark Age
Ending age
Imperial Age
RankedLock teamsTeams togetherTeam positionsShared explorationLock speedFull tech treeHidden civsTurbo modeCheats
Victory
Defeat
🇦🇷 Magyars · Argentina
916
+11
🇦🇷 Cumans · Argentina
861
+14
🇦🇷 Sicilians · Argentina
774
+18
vs
🇨🇴 Celts · Colombia
866
-17
🇧🇷 Burgundians · Brazil
805
-14
🇦🇷 Portuguese · Argentina
753
-12
Patuqui18
11:45 Feudal Age
12:15 Double-Bit Axe
17:50 Wheelbarrow
20:24 Castle Age
19:14 Scale Mail Armor
21:35 Pikeman
22:40 Forging
26:42 Bow Saw
Vândalo
12:49 Feudal Age
11:09 Double-Bit Axe
12:33 Gold Mining
13:58 Bow Saw
15:00 Wheelbarrow
16:15 Gold Shaft Mining
15:36 Horse Collar
18:14 Castle Age
17:50 Loom
19:19 Pikeman
Zian_moon
11:28 Feudal Age
13:19 Loom
14:44 Double-Bit Axe
14:44 Horse Collar
14:52 Town Watch
15:54 Wheelbarrow
21:21 Castle Age
Bin Salmán
3:09 Loom
10:31 Feudal Age
15:58 Double-Bit Axe
15:56 Horse Collar
22:16 Castle Age
21:36 Scale Barding Armor
22:27 Bloodlines
22:26 Gold Mining
23:07 Husbandry
23:28 Chain Barding Armor
Cerimedo
11:29 Feudal Age
16:14 Scale Mail Armor
21:07 Castle Age
Oni.cHAN
5:12 Loom
11:22 Feudal Age
13:26 Man-at-Arms
18:13 Double-Bit Axe
18:15 Horse Collar
24:11 Castle Age
26:30 Fletching
Connection lost

Rejoining the realm…

Still unreachable

The connection could not be restored.

Session expired

The server has moved on; the page needs a fresh start.